 Dungeon Crawl Stone Soup version 0.26.0-18-gc5c842f807 (webtiles) character file.

Game seed: 7681370572937418330

749 sizableburger the Digger (level 7, -5/46 HPs)
             Began as a Demonspawn Earth Elementalist on Jan 22, 2021.
             Was a Believer of Kikubaaqudgha.
             Slain by Grinder (8 damage)
             ... while paralysed by Grinder
             ... on level 5 of the Dungeon.
             The game lasted 00:16:21 (5751 turns).

sizableburger the Digger (DsEE)                     Turns: 5751, Time: 00:16:22

Health: -5/46      AC:  3    Str: 10    XL:     7   Next: 48%
Magic:  1/20       EV:  2    Int: 17    God:    Kikubaaqudgha [**....]
Gold:   237        SH:  0    Dex: 13    Spells: 3/12 levels left

rFire    . . .     SeeInvis .     - Unarmed
rCold    . . .     Faith    +   (no shield)
rNeg     . . .     Spirit   .   c - +1 robe
rPois    .         Reflect  .   (helmet restricted)
rElec    .         Harm     .   (no cloak)
rCorr    .         Rampage  .   (no gloves)
Will     +....                  (no boots)
Stlth    +.........             q - amulet of faith
HPRegen  0.15/turn              b - ring of willpower
MPRegen  0.17/turn              n - ring of magical power

@: paralysed
A: antennae 1, hooves 2
a: Renounce Religion, Receive Corpses


You were on level 5 of the Dungeon.
You worshipped Kikubaaqudgha.
Kikubaaqudgha was pleased with you.
You visited 1 branch of the dungeon, and saw 5 of its levels.

You collected 237 gold pieces.

Inventory:

Missiles
 d - 5 boomerangs of dispersal
 r - 42 stones
Armour
 c - a +1 robe (worn)
Jewellery
 b - a ring of willpower (left hand)
 g - an uncursed amulet of reflection
 j - an uncursed ring of see invisible
 n - a ring of magical power (right hand)
 q - an amulet of faith (around neck)
Scrolls
 a - a scroll of teleportation
 e - a scroll of identify
 m - 2 scrolls of magic mapping
 s - 2 scrolls of amnesia
Potions
 f - 2 potions of invisibility {unknown}
 k - a potion of resistance
 l - a potion of ambrosia {unknown}
 o - 2 potions of heal wounds {unknown}
 p - a potion of curing


   Skills:
 + Level 4.0 Dodging
 - Level 1.7 Stealth
 + Level 3.2 Unarmed Combat
 - Level 3.1 Spellcasting
 + Level 2.0 Conjurations
 + Level 2.9 Necromancy
 - Level 0.8 Transmutations
 + Level 4.5 Earth Magic


You had 3 spell levels left.
You knew the following spells:

 Your Spells              Type           Power        Failure   Level
a - Sandblast             Erth           36%          2%          1
b - Passwall              Tmut/Erth      9%           9%          2
c - Stone Arrow           Conj/Erth      26%          14%         3
d - Vampiric Draining     Necr           6%           16%         3

Your spell library contained the following spells:

 Spells                   Type           Power        Failure   Level
 Pain                     Necr           48%          5%          1
 Sublimation of Blood     Necr           6%           8%          2
 Corpse Rot               Necr/Air       N/A          14%         2
 Petrify                  Tmut/Erth      11%          50%         4
 Lee's Rapid Deconstruct  Erth           9%           58%         5


Dungeon Overview and Level Annotations

Branches:
Dungeon (5/15)             Temple (0/1) D:4

Altars:
Fedhas
Hepliaklqana
Kikubaaqudgha
Trog

Annotations:
D:5 Dowan, Duvessa, Grinder


Innate Abilities, Weirdness & Mutations

You have a pair of small antennae on your head.
You have hoof-like feet.


Message History

You closely miss Grinder. Your kick misses Grinder.
Grinder is almost dead.
Grinder gestures at you.
You suddenly lose the ability to move!
The worker ant zombie bites you. Grinder hits you!
You writhe in agony.
The worker ant zombie bites you.
* * * LOW HITPOINT WARNING * * *
Grinder gestures at you. You resist with some effort.
The worker ant zombie bites you.
* * * LOW HITPOINT WARNING * * *
Grinder gestures at you. You resist with some effort.
The worker ant zombie bites you but does no damage.
Grinder hits you.
* * * LOW HITPOINT WARNING * * *
The worker ant zombie bites you.
* * * LOW HITPOINT WARNING * * *
The orc shouts!
You hear an angry hiss.
Grinder hits you!
You die...
Kikubaaqudgha rasps: "You have failed me!
Welcome... death!"

,,,,,,,,...#* ##........
,,,,,,,,....#* #### ##.........
,,,,,,,,,#...####..####..........
,,,,,,,,.##...........#..........
,,,,,,,,(...............##.>.....
*,,,,,,,................###......
*,,,,,,,...............## *......
**,,,,,,#.o.....Z......# *#.....
*,,,,,,###....5@<.....#* *#$...
**,,**** ###...........#****....
**** #.............,,,....
###............,,,,,,
##...........,,,,,,
######.###***,,*** *## ****


You could see Grinder, an orc and a worker ant zombie.

Vanquished Creatures
  2 ogres
  A bullfrog (D:5)
  A centaur zombie (D:5)
  2 orc priests (D:4)
  A centaur skeleton (D:4)
  A hound (D:5)
  A bullfrog skeleton (D:4)
  An iguana (D:4)
  Natasha (twice) (D:3)
  5 worker ants
  A gnoll (D:1)
  5 adders
  A shadow imp (D:5)
  3 oozes
  3 worms
  A leopard gecko (D:2)
  5 orcs (D:4)
  4 bats
  2 giant cockroaches
  4 goblins
  4 hobgoblins
  8 jackals
  3 quokkas
  2 ball pythons
  A ball python skeleton (D:4)
  4 frilled lizards
  A giant cockroach zombie (D:5)
  6 kobolds
  11 rats
86 creatures vanquished.

Notes
Turn   | Place    | Note
-------+----------+-------------------------------------------
     0 | D:1      | sizableburger the Demonspawn Earth Elementalist began the
                  | quest for the Orb.
     0 | D:1      | Reached XP level 1. HP: 13/13 MP: 3/3
   275 | D:1      | Gained mutation: You have large cloven feet. [demonic
                  | ancestry]
   275 | D:1      | Reached XP level 2. HP: 10/19 MP: 0/5
   716 | D:1      | Learned a level 2 spell: Passwall
   801 | D:1      | Reached XP level 3. HP: 24/24 MP: 0/6
  1001 | D:2      | Found an ancient bone altar of Kikubaaqudgha.
  1246 | D:2      | Noticed an ogre
  1256 | D:2      | Killed an ogre
  1257 | D:2      | Reached skill level 1 in Unarmed Combat
  1257 | D:2      | Gained mutation: You have a pair of small antennae on your
                  | head. [demonic ancestry]
  1257 | D:2      | Reached XP level 4. HP: 30/30 MP: 2/8
  1407 | D:2      | Gained mutation: You have hoof-like feet. [demonic
                  | ancestry]
  1407 | D:2      | Reached XP level 5. HP: 35/35 MP: 6/9
  1470 | D:2      | Found a hazy altar of Hepliaklqana.
  1535 | D:2      | Found a blossoming altar of Fedhas.
  1998 | D:2      | Found a faded altar of an unknown god.
  2016 | D:2      | Became a worshipper of Kikubaaqudgha
  2016 | D:2      | Reached * piety under Kikubaaqudgha
  2016 | D:2      | Identified Kikubaaqudgha's Compendium of Unholy Rituals
                  | (Kikubaaqudgha gifted it to you on level 2 of the Dungeon)
  2016 | D:2      | Received a gift from Kikubaaqudgha
  2215 | D:3      | Noticed Natasha
  2223 | D:3      | Killed Natasha
  2505 | D:3      | Noticed Natasha
  2515 | D:3      | Killed Natasha
  2707 | D:3      | Found a bloodstained altar of Trog.
  2720 | D:3      | Reached skill level 1 in Necromancy
  3541 | D:4      | Reached XP level 6. HP: 23/41 MP: 10/10
  3796 | D:4      | Reached ** piety under Kikubaaqudgha
  3824 | D:4      | Learned a level 3 spell: Stone Arrow
  3828 | D:4      | Learned a level 3 spell: Vampiric Draining
  4354 | D:4      | Reached skill level 1 in Conjurations
  4499 | D:4      | Found a staircase to the Ecumenical Temple.
  4555 | D:5      | Entered Level 5 of the Dungeon
  4559 | D:5      | Reached XP level 7. HP: 38/46 MP: 11/11
  5583 | D:5      | Found a blossoming altar of Fedhas.
  5633 | D:5      | Noticed Dowan
  5634 | D:5      | Noticed Duvessa
  5730 | D:5      | Noticed Grinder
  5746 | D:5      | Paralysed by Grinder for 7 turns
  5751 | D:5      | Slain by Grinder

Illustrated notes

Levels and vault maps discovered:
D:1:      amcnicky_arrival_wind_blow, layout_basic, minmay_pentomino_u4
D:2:      layout_basic, nicolae_overflow_crystal_walls, lemuel_crystal_altar,
          overflow_temple_1_default, chequers_ecumenical_altar_twisty
D:3:      layout_basic, old_standard_altar, hangedman_decor_push, uniq_natasha
D:4:      layout_basic, minmay_temple_entry_nine_rooms
D:5:      layout_cave_pods, serial_shops, shop, fedhas_altar_fruit_tree,
          uniq_duvessa, uniq_grinder, uniq_pikel

Skill      XL: |  1  2  3  4  5  6  7 |
---------------+----------------------+-----
Dodging        | 2 3 4 |  4.0
Earth Magic    | 3 4 |  4.5
Unarmed Combat | 1 2 3 |  3.2
Spellcasting   | 3 |  3.1
Necromancy     | 1 2 |  2.9
Conjurations   | 1 2 |  2.0
Stealth        | |  1.7
Transmutations | |  0.8

Action                   |  1- 3 |  4- 6 |  7- 9 || total
-------------------------+-------+-------+-------++-------
Melee: Dagger            |    10 |       |       ||    10
       Unarmed           |       |    98 |    44 ||   142
       Kick              |       |    18 |     8 ||    26
       Punch             |       |     1 |       ||     1
 Cast: Sandblast         |    44 |    51 |     4 ||    99
       Stone Arrow       |       |     8 |    19 ||    27
       Passwall          |       |     1 |       ||     1
  Use: Scroll            |       |       |     8 ||     8
       Potion            |       |       |     1 ||     1
 Stab: Sleeping          |       |     2 |     1 ||     3
Armor: Robe              |     6 |     5 |     5 ||    16
Dodge: Dodged            |    14 |    66 |    35 ||   115
Block: Other             |     1 |    23 |       ||    24
